Map: Rohana LE

Players

Siliatra

  • Race: Protoss Protoss
  • Spawn Location: 3:00

Sindyr

  • Race: Protoss Protoss
  • League: Master
  • Spawn Location: 5:00

JackBurton

  • Race: Zerg Zerg
  • Spawn Location: 9:00

JimBo

  • Race: Protoss Protoss
  • Spawn Location: 11:00

VOD

Have the link to the VOD?

Description

Time

  • Played on: Sept. 23, 2025, 10:58 a.m.
  • Length: 2:06
Show
View Real Time Build Order
Export as new Build Order

Siliatra Protoss 

Build Orders:  

Get SALT Encoding   

  12  0:00  Probe  
  13  0:12  Probe  
  14  0:18  Pylon  
  14  0:25  Probe  
  15  0:36  Gateway  
  15  0:38  Probe  
  16  0:46  Assimilator  
  16  0:50  Probe  
  17  1:02  Probe  
  18  1:10  Probe  
  18  1:12  Assimilator  
  18  1:18  Probe  
  19  1:20  Pylon  
  20  1:25  Cybernetics Core  
  20  1:33  Probe  
  21  1:45  Probe  
Show
View Real Time Build Order
Export as new Build Order

Sindyr Protoss 

Build Orders: 1 Gate Expand 

Get SALT Encoding   

  12  0:01  Probe  
  13  0:13  Probe  
  14  0:24  Pylon  
  14  0:28  Probe  
  15  0:42  Probe  
  16  0:44  Gateway  
  16  0:50  Assimilator  
  16  0:52  Probe  
  17  1:00  Probe  
  17  1:08  Probe  
  19  1:20  Probe  
  20  1:36  Nexus  
  22  1:54  Probe  
Show
View Real Time Build Order
Export as new Build Order

JackBurton Zerg 

Build Orders: Pool First 

Get SALT Encoding   

  12  0:01  Drone  
  13  0:11  Drone  
  14  0:15  Extractor  
  14  0:16  Drone  
  15  0:22  Overlord  
  15  0:39  Spawning Pool  
  15  0:41  Drone  
  15  0:45  Extractor  
  15  0:48  Drone  
  15  0:52  Drone  
  16  0:57  Drone  
  17  1:06  Drone  
  18  1:22  Hatchery  
  17  1:37  Zergling x2  
Show
View Real Time Build Order
Export as new Build Order

JimBo Protoss 

Build Orders: Cannon Rush 

Get SALT Encoding   

  12  0:00  Probe  
  13  0:12  Probe  
  14  0:24  Pylon, Probe  
  15  0:45  Forge  
  15  1:12  Pylon  
  15  1:21  Pylon  
  15  1:32  Photon Cannon  
  15  1:40  Photon Cannon x2  
  15  1:43  Gateway  
  15  2:01  Pylon  
Tags
 
Add a new tag
Caveats
  • Supply blocks, unpowered buildings, or Contaminate may cause inaccurate times.
  • Supply counts are checked every 10 seconds.